[Event "Tata Steel India Women Rapid 2024"]
[Site "Kolkata"]
[Date "2024.11.13"]
[Round "1.1"]
[White "Lagno, Kateryna"]
[Black "Koneru, Humpy"]
[Result "1/2-1/2"]
[ECO "C70"]
[WhiteElo "2527"]
[BlackElo "2530"]
[Annotator "TA"]
[PlyCount "112"]
[EventDate "2024.11.06"]
[EventType "tourn"]
[EventCountry "IND"]
[SourceTitle "playchess.com"]
[Source "ChessBase"]
[SourceQuality "1"]
[TimeControl "1500+10"]

1. e4 e5 2. Nf3 Nc6 3. Bb5 a6 4. Ba4 Bc5 5. O-O Nge7 6. Nxe5 {[%emt 0:00:11] C70: Ruy Lopez: 3...a6 4 Ba4, Norwegian and Delayed Schliemann.} Nxe5 7. d4 b5 8. Bb3 Bxd4 9. Qxd4 d6 10. f4 c5 11. Qd2 c4 12. fxe5 Qb6+ 13. Qe3 Qxe3+ 14. Bxe3 dxe5 15. Bc5 $146 ({Predecessor:} 15. Bxc4 bxc4 16. Nc3 Bd7 17. Rad1 Bc6 18. Bc5 f6 19. b4 cxb3 20. axb3 Rc8 21. b4 {½-½ Park,E (2431)-Matviishen,V (2517) Saint Louis Congress GM 2022 (6)}) 15... Be6 16. Bxc4 bxc4 17. Nc3 Rc8 18. Bd6 f6 19. Na4 Rc6 20. Rad1 Nc8 21. Bc5 Kf7 22. b4 cxb3 23. axb3 Rc7 24. c4 Bd7 25. Nb6 (25. Nc3 $11) 25... Nxb6 (25... Bg4 $1 $15 26. Rd5 Rb7 27. Nxc8 Rxc8 28. Rxe5 Rxb3 29. Re7+ Kg6) 26. Bxb6 $11 Rb7 27. Rd6 Rhb8 28. c5 $1 Rc8 29. Kf2 Bc6 30. Ke3 Rd7 31. Rfd1 Ke7 32. g4 Rxd6 33. Rxd6 Bd7 34. h3 Rc6 35. Rd1 Rc8 36. Rg1 g5 37. Ra1 Bb5 38. Rd1 Bd7 39. b4 h5 40. gxh5 Rh8 41. Rd6 Rxh5 (41... Bxh3 $2 42. Bd8+ Ke8 (42... Rxd8 $2 43. Rxd8 Kxd8 44. h6 $18) 43. Bxf6 Rxh5 44. Bxe5 $18 (44. Rxa6 Bg2 $18)) 42. Ba5 Rxh3+ (42... Bxh3 43. Bd8+ (43. Rxa6 Bg2 $11) 43... Kf7 44. Rxf6+ (44. Rxa6 Be6 $16) 44... Ke8 45. Bc7 $18) 43. Kf2 Bb5 44. Bd8+ Ke8 45. Bxf6 Rb3 46. Bxg5 Rxb4 47. Re6+ Kf7 48. Rxe5 Bc6 49. Ke3 a5 50. Re7+ Kf8 51. Re6 Bb5 52. Bd8 a4 53. c6 a3 54. Be7+ Kf7 55. Bxb4 Kxe6 56. Bxa3 Bxc6 1/2-1/2

[Event "Tata Steel India Women Rapid 2024"]
[Site "Kolkata"]
[Date "2024.11.13"]
[Round "1.2"]
[White "Goryachkina, Aleksandra"]
[Black "Kosteniuk, Alexandra"]
[Result "1-0"]
[ECO "A14"]
[WhiteElo "2528"]
[BlackElo "2487"]
[Annotator "TA"]
[PlyCount "131"]
[EventDate "2024.11.06"]
[EventType "tourn"]
[EventCountry "IND"]
[SourceTitle "playchess.com"]
[Source "ChessBase"]
[SourceQuality "1"]
[TimeControl "1500+10"]

1. d4 Nf6 2. c4 e6 3. Nf3 d5 4. g3 Be7 5. Bg2 O-O 6. O-O c6 7. b3 a5 8. Nc3 Nbd7 9. Bb2 b6 {[%emt 0:00:15] A14: English Opening: 1...e6 with b3 by White.} 10. Ne5 Nxe5 11. dxe5 Nd7 12. cxd5 exd5 $146 ({Predecessor:} 12... cxd5 13. e4 d4 14. Qxd4 Bc5 15. Qd2 Nxe5 16. Rfd1 Ba6 17. Na4 Qxd2 18. Rxd2 Bb4 19. Nxb6 Bxd2 20. Nxa8 {0-1 Sylvan,J (2335)-Jacobsen,M (2315) Hillerod 100th Ann op 2020 (8)}) 13. e4 d4 14. Qxd4 Bc5 15. Qd1 Ba6 16. Re1 Nxe5 17. Na4 Bxf2+ 18. Kxf2 Nd3+ 19. Kg1 b5 20. Nc5 Nxc5 21. Qg4 Ne6 22. Rad1 Qb6+ 23. Kh1 Rad8 24. Qf5 b4 25. Qe5 Qf2 26. Rg1 Bb5 27. h4 Rfe8 28. Ba1 Qc2 29. Rc1 Qxa2 30. Bh3 Rd2 31. Rg2 Rxg2 32. Bxg2 Qxb3 33. Kh2 Qd3 34. Qf5 Qd2 35. Rb1 Rd8 36. Rb2 Qd1 37. Rf2 Rd7 38. Be5 h6 39. Bh3 Qe1 40. g4 Kh8 41. Bg2 Bc4 42. g5 hxg5 43. hxg5 Qe3 44. Rf3 Qxg5 45. Bxg7+ Kg8 (45... Qxg7 46. Rg3) 46. Qh3 (46. Bf6 {was necessary.} Qxf5 47. exf5) 46... Kxg7 47. Rg3 Qxg3+ $1 48. Qxg3+ Kf8 49. Qe5 b3 $1 50. Qxa5 Rd8 $2 ({Black should try} 50... c5 $19 {White must now prevent ...b2.} 51. Bh3 b2 52. Bxe6 b1=Q (52... b1=B 53. Bxd7 Bba2 54. Qxc5+ Kg7 55. Qg5+ Kf8 56. Qh6+ Ke7 57. Bc6 $18) 53. Qxc5+ Re7 54. Bxc4 Qc2+ (54... Qxe4 $2 55. Bb5 $19) 55. Kg3 Qxe4) 51. Bh3 Rb8 52. Qa7 $2 (52. Qc3 $2 Ke7 53. Qg3 (53. Qxc4 $2 b2 $19) 53... Rb5 $19) (52. Bxe6 $11 Bxe6 53. Qc5+ Ke8 54. Qxc6+ Bd7 55. Qc3) 52... Rb5 $1 $19 53. Qa3+ Kg8 $2 (53... Ke8 $19 {Hoping for ...b2.} 54. Qb2 Kd7) 54. Qb2 $2 (54. Bxe6 $11 fxe6 (54... Bxe6 55. Qa8+ Kg7 56. Qxc6 $17) 55. Qb2 (55. Qe7 $2 b2 $19)) 54... Nf4 $19 55. Bf5 {[%emt 0:00:07] [#]} Be6 $2 (55... Nd3 $1 $19 56. Qf6 Ne5 57. Qg5+ Kf8 58. Qd8+ Kg7 59. Qg5+ Ng6) 56. Kg3 $2 (56. Qc1 $11 {and White is okay.}) 56... Nh5+ $2 ({Black should play} 56... Bxf5 $19 57. exf5 Nd5 (57... Rxf5 58. Kg4 $15)) 57. Kg4 $2 (57. Kf2 $11) 57... Ng7 $19 58. Bxe6 $2 (58. Kg5) 58... Nxe6 $19 (58... fxe6 59. Kf4 $17) 59. e5 Rb4+ $2 (59... c5 60. Kf3 c4) 60. Kh5 $2 (60. Kf3 $19) 60... c5 61. Qg2+ Kh7 62. Qb2 c4 (62... Kg7 $142 63. Qg2+ Kf8 64. Qa8+ Ke7 65. Qa7+ Ke8 (65... Kf8 66. Qa8+ Ke7 67. Qa7+ Ke8 68. Qa8+ Nd8 69. e6 $19) 66. Qa8+ Nd8 67. e6 fxe6 68. Qg2 b2 69. Qg8+ Ke7 70. Qh7+ Nf7 71. Qb1 c4 72. Kh4 c3+ 73. Kh5 Kf8 74. Qh1 b1=Q (74... b1=B 75. Qa8+ Kg7 76. Qf8+ Kf6 77. Qe7+ Kg7 78. Qf8+ Kf6 79. Qe7+ Kxe7 $11) 75. Qa8+ Rb8 76. Qa3+ Qb4 77. Qa6 c2 (77... Kg7 78. Qc4 Rh8+ 79. Kg4 Qxc4+ 80. Kf3 c2 81. Kf2 Qf4+ 82. Ke2 c1=Q 83. Kd3 Qfe3#) 78. Qc6 Rb5+ 79. Qxb5 Qxb5+ 80. Kg4 c1=Q (80... c1=R 81. Kg3 Qd3+ 82. Kh4 Rc4+ 83. Kh5 Qh7#) 81. Kh3 Qbf1+ 82. Kh4 Qg5#) 63. Qb1+ Kh8 $2 (63... Kg7 {mates} 64. Qg1+ Kf8 65. Qd1 Rb6 66. Qh1 b2 67. Qa8+ Kg7 68. Qg2+ Kh7 69. Qe4+ Kg8 70. Qb1 c3 71. Kh4 Kf8 72. Kh3 Nd4 73. Qh7 b1=Q (73... b1=B 74. Qh8+ Ke7 75. Qh4+ Ke8 76. Qxd4 $15) 74. Qh8+ Ke7 75. Qh4+ Ke8 76. Qh8+ Kd7 77. e6+ Nxe6 (77... fxe6 78. Qxd4+ Ke8 79. Qc4 Qh1+ 80. Kg4 Qc6 81. Qd4 e5 82. Qxe5+ Qe6+ 83. Qxe6+ Rxe6 84. Kh5 c2 85. Kg5 c1=Q+ 86. Kf5 Qe3 87. Kg4 Rg6+ 88. Kf5 Rg5+ 89. Kf6 Qe7#) 78. Qh4 Qh1+ (78... Qd3+ {leads to mate.} 79. Qg3 Qxg3+ 80. Kxg3 c2 81. Kh2 c1=Q 82. Kg2 Rb2+ 83. Kh3 Qg1 84. Kh4 Rh2#) 79. Kg3 Qxh4+ 80. Kxh4 c2 81. Kh3 c1=Q (81... c1=B {is a self mate.} 82. Kg4 Rb3 83. Kh5 Bg5 84. Kg4 Be7 85. Kf5 Rb4 86. Ke5 Bd6+ 87. Kf6 Rf4#) 82. Kh2 Rb2+ 83. Kh3 Qg1 84. Kh4 Rh2#) 64. Kh6 $11 Nf8 $2 {[%emt 0:00:01][%mdl 8192] [#]} (64... Kg8 $11 65. Qh1 Ra4) 65. e6 $1 Rb6 66. Qb2+ 1-0

[Event "Tata Steel India Women Rapid 2024"]
[Site "Kolkata"]
[Date "2024.11.13"]
[Round "1.3"]
[White "Dzagnidze, Nana"]
[Black "Dronavalli, Harika"]
[Result "1/2-1/2"]
[ECO "D06"]
[WhiteElo "2518"]
[BlackElo "2493"]
[Annotator "TA"]
[PlyCount "112"]
[EventDate "2024.11.06"]
[EventType "tourn"]
[EventCountry "IND"]
[SourceTitle "playchess.com"]
[Source "ChessBase"]
[SourceQuality "1"]
[TimeControl "1500+10"]

1. d4 d5 2. c4 c5 3. Nf3 cxd4 4. cxd5 Qxd5 5. Nc3 Qa5 6. Nxd4 {[%emt 0:00:03] D06: Queen's Gambit: Symmetrical and Baltic Defences.} Nf6 7. a3 e5 8. Nb3 Qc7 9. e4 Nc6 $146 ({Predecessor:} 9... Be6 10. Bg5 Nfd7 11. Rc1 Nc6 12. Nd5 Qb8 13. Bb5 h6 14. Be3 a6 15. Rxc6 bxc6 16. Bxc6 {1-0 Wiaderek,P (2098)-Laduke,M (1900) FICGS rapid A 000269 email 2021 (1)}) 10. Nd5 Qd8 11. Bg5 Be7 12. Bxf6 Bxf6 13. Rc1 O-O 14. Bc4 Be6 15. O-O Bg5 16. Rc3 Rc8 17. Qd3 a6 18. Nc5 b5 19. Ba2 Bxd5 20. Bxd5 (20. exd5 {with more complications.} b4 21. Nb7 Qb6 22. Rxc6 Qxb7 23. Qf5) 20... b4 21. Rc4 $1 bxa3 22. Qxa3 (22. Nxa6 $2 axb2 23. Qc2 Qb6 24. Bxc6 Qxa6 $19) 22... Nd4 23. Qxa6 Bf4 (23... Kh8 $142 24. Nd3 f6) 24. Qa3 (24. g3 $142) 24... Qh4 25. h3 Qe7 26. Nd3 Qf6 (26... Qxa3 $16 27. bxa3 Rxc4 28. Bxc4 Rc8) 27. Nxf4 (27. Rxc8 $18 Rxc8 28. Qa7) 27... Qxf4 $16 28. Qe3 Qf6 29. f4 Rxc4 30. Bxc4 g6 31. b3 (31. f5 {is more complex.} gxf5 32. exf5 Rb8 33. b3) 31... Qd6 {[%emt 0:00:09] [#]} (31... Kg7 $16 32. Qg3 Qc6) 32. f5 $1 $18 gxf5 33. exf5 Kh8 (33... Qf6 {was necessary.} 34. Re1 Re8) 34. f6 $18 Ne6 35. Re1 (35. Rf5 $18) 35... Rg8 $2 (35... Nf4 $16 {is a better defense.}) 36. Qxe5 $18 Qb6+ 37. Qe3 Qc6 38. Qe4 Qb6+ 39. Kh1 Ng5 40. Qf5 Qd4 41. Rf1 $2 ({White should try} 41. Bd3 $18) 41... Ne4 $11 42. Kh2 (42. Bxf7 $2 {loses.} Ng3+ 43. Kh2 Nxf5 $19 (43... Nxf1+ 44. Qxf1 Qe5+ 45. Kg1 $15)) (42. Rf3 $1 $11) 42... Ng3 $15 43. Qf4 Nxf1+ 44. Qxf1 {[%emt 0:00:01] [#]} Rg6 (44... Qe5+ $1 $17 45. Kg1 Ra8) 45. Bxf7 $11 Rxf6 ({Reject} 45... Qxf6 $6 46. Bc4 $16) 46. Qc4 Qd6+ 47. Kg1 Qd1+ 48. Kh2 Qd6+ 49. Kg1 Qb6+ 50. Kh1 Rc6 (50... Qc6 {simplifies} 51. Bd5 Qxc4 52. Bxc4 Kg7) 51. Qf4 Rf6 52. Qe5 Kg7 53. Bc4 Qd6 54. Qe2 Qd4 55. Qe7+ Kh6 56. Qe2 Rd6 1/2-1/2

[Event "Tata Steel India Women Rapid 2024"]
[Site "Kolkata"]
[Date "2024.11.13"]
[Round "1.4"]
[White "Vaishali, Rameshbabu"]
[Black "Divya Deshmukh"]
[Result "1/2-1/2"]
[ECO "C50"]
[WhiteElo "2490"]
[BlackElo "2493"]
[Annotator "TA"]
[PlyCount "122"]
[EventDate "2024.11.06"]
[EventType "tourn"]
[EventCountry "IND"]
[SourceTitle "playchess.com"]
[Source "ChessBase"]
[SourceQuality "1"]
[TimeControl "1500+10"]

1. e4 e5 2. Nf3 Nc6 3. Bc4 Bc5 4. d3 Nf6 5. Nc3 h6 6. h3 a6 $1 {[%emt 0:00:32][%mdl 4] outshines the older 6...d6. C50: Hungarian Defence and Giuoco Pianissimo.} 7. a4 d6 8. Be3 Be6 9. Bxe6 fxe6 10. Bxc5 dxc5 11. Nb1 b6 $146 ({Predecessor:} 11... Nd7 12. Nbd2 Qf6 13. c3 O-O 14. a5 b5 15. axb6 cxb6 16. Nc4 Rfd8 17. O-O b5 {1-0 Van Foreest,J (2687)-Kosteniuk,A (2519) PRO League Prelim rapid 2023 (4.2)}) 12. Nbd2 g5 13. Nc4 Nd7 14. c3 Qf6 15. Qd2 Nf8 16. b4 cxb4 17. cxb4 Ng6 18. O-O O-O 19. b5 axb5 20. axb5 Nd4 21. Nxd4 exd4 22. g3 Kh7 23. Qe2 Rae8 24. Ra7 Re7 25. Rc1 Rg7 26. Kf1 Qd8 27. Ke1 Rgf7 28. Rc2 Qf6 (28... Qe7 {feels hotter.} 29. Qh5 Qc5 30. h4 Kg7) 29. Nd2 Qe5 (29... Qxf2+ $2 30. Qxf2 Rxf2 31. Rcxc7+ $18 (31. Raxc7+ Kg8 $16) (31. Raxc7+ Kg8 $16)) 30. Rc6 Re7 (30... Kg8 $11) 31. Nc4 ({White should try} 31. Nf3 $14 Qg7 32. e5) 31... Qg7 $1 $11 32. Qg4 Qf7 33. Ra2 Qf6 34. Kf1 Rff7 35. Kg1 Re8 36. e5 Nxe5 37. Qe4+ (37. Qxd4 $2 {perishes.} Nf3+ (37... Nxc6 $2 38. Qe4+ Kg7 39. bxc6 $19) 38. Kh1 Nxd4 $19) 37... Ng6 38. Re2 Rfe7 39. Ne5 Qxe5 40. Qxe5 Nxe5 41. Rxe5 Kg7 42. Kg2 Kf6 43. f4 Ra8 44. Kf3 Ra1 45. Re4 Rb1 46. Re5 (46. fxg5+ $11 {keeps the balance.} hxg5 47. Rxd4) 46... gxf4 $17 47. gxf4 Rf1+ 48. Kg4 Rd1 49. Rf5+ Kg7 50. Re5 Kf7 (50... Rxd3 51. Rcxe6 h5+ 52. Kf5 Rf7+ (52... Rxe6 53. Rxe6 Kf7 54. h4 $15) 53. Ke4 Rxh3 54. Rg5+ Kf8 55. Rh6) 51. f5 exf5+ 52. Rxf5+ Kg7 53. Rf3 Rg1+ 54. Kh4 Rg5 55. Rg3 Re3 56. Rxc7+ Kf6 57. Rc6+ Kf5 58. Rf3+ Rxf3 59. Rf6+ $1 Ke5 60. Rxf3 Ke6 61. Rf6+ Kxf6 1/2-1/2

[Event "Tata Steel India Women Rapid 2024"]
[Site "Kolkata"]
[Date "2024.11.13"]
[Round "1.5"]
[White "Vantika Agrawal"]
[Black "Gunina, Valentina"]
[Result "1-0"]
[ECO "D12"]
[WhiteElo "2392"]
[BlackElo "2425"]
[Annotator "RC"]
[PlyCount "99"]
[EventDate "2024.11.06"]
[EventType "tourn"]
[EventCountry "IND"]
[SourceTitle "playchess.com"]
[Source "ChessBase"]
[SourceQuality "1"]
[TimeControl "1500+10"]

1. d4 d5 2. c4 c6 3. Nf3 Nf6 4. e3 Bf5 5. Nc3 e6 6. Nh4 Bg6 7. Nxg6 hxg6 8. Qb3 Qc7 9. Bd2 Nbd7 10. cxd5 exd5 11. Be2 Be7 12. h4 g5 13. h5 g4 14. O-O-O a5 15. Kb1 a4 16. Qc2 a3 17. b3 Nf8 18. e4 Ne6 19. Be3 dxe4 20. Nxe4 Nxe4 21. Qxe4 g3 22. Bc4 gxf2 23. Bxe6 fxe6 24. Qxe6 Rf8 25. Qg6+ Rf7 26. Rhf1 Qd6 27. Qg4 Qd7 28. Qxd7+ Kxd7 29. Rxf2 Rxf2 30. Bxf2 Rf8 31. Be3 Rf5 32. Rh1 Bg5 33. g4 Rd5 34. Bxg5 Rxg5 35. Rg1 Rd5 36. g5 Ke7 37. h6 gxh6 38. gxh6 Rxd4 39. Rh1 Rd8 40. b4 Kf6 41. h7 Kg7 42. Kc2 Kh8 43. Rh3 Rd4 44. Kb3 Rd7 45. Kxa3 Rxh7 46. Rxh7+ Kxh7 47. Ka4 b6 48. Kb3 Kg7 49. a4 Kf7 50. a5 1-0

[Event "Tata Steel India Women Rapid 2024"]
[Site "Kolkata"]
[Date "2024.11.13"]
[Round "2.1"]
[White "Kosteniuk, Alexandra"]
[Black "Vantika Agrawal"]
[Result "1/2-1/2"]
[ECO "C01"]
[WhiteElo "2487"]
[BlackElo "2392"]
[Annotator "TA"]
[PlyCount "108"]
[EventDate "2024.11.06"]
[EventType "tourn"]
[EventCountry "IND"]
[SourceTitle "playchess.com"]
[Source "ChessBase"]
[SourceQuality "1"]
[TimeControl "1500+10"]

1. e4 e6 2. d4 d5 3. exd5 exd5 4. Nf3 Bd6 5. c4 c6 6. Nc3 Ne7 7. c5 Bc7 8. Bd3 h6 9. O-O O-O 10. Re1 Bg4 11. h3 Bh5 12. g4 Bg6 13. Ne5 (13. Nh4 $11) 13... Bxd3 $15 14. Qxd3 Nd7 15. f4 Nxe5 16. dxe5 f5 17. Ne2 Qe8 (17... b6 $15) 18. Nd4 $36 {[%emt 0:01:12][%mdl 2048] White is pushing.} Qg6 {[%emt 0:00:25][%cal Oa8e8] Against Ne6} 19. Kh2 (19. Re2 $14) 19... Rae8 20. Qf3 b6 (20... fxg4 $5 21. Qxg4 Qxg4 22. hxg4 Ng6 $11) 21. b4 Qf7 (21... bxc5 $11 22. bxc5 Qf7 23. gxf5 Nxf5 24. Nxc6 g5) 22. Qg3 bxc5 23. bxc5 Kh8 $2 (23... fxg4 $11 24. hxg4 h5) 24. Bd2 (24. g5 $18) 24... Rb8 {[%emt 0:00:10] [#]} (24... g5 $1 $14) 25. Rg1 $2 (25. g5 $1 $18) 25... fxg4 26. Qxg4 {[%emt 0:00:20] White wants to play Kh1.} Rb2 27. Rg2 Rxd2 28. Rxd2 {[%emt 0:00:02] Threatens to win with Re2.} Qxf4+ 29. Qxf4 Rxf4 30. Re1 $2 (30. Kg2 $11 {and White stays safe.} Bxe5 31. Re1 Bxd4 32. Rxe7) 30... Ba5 $19 31. Ree2 Bxd2 32. Rxd2 {[%emt 0:00:01][%mdl 4096] Endgame. KRN-KRN} Re4 33. e6 g5 34. Kg2 (34. Rf2 {only move.}) 34... Kg7 35. Rf2 Rxd4 {[%emt 0:00:09] KRN-KR} (35... Kg6 $142 36. Nf3 Nf5 (36... Rxe6 $2 37. Rb2 $19)) 36. Rf7+ Kg6 37. Rxe7 {[%emt 0:00:01] KR-KR} Kf6 (37... Rd2+ $19 38. Kf3 Rxa2) 38. Rc7 (38. Rxa7 $17 {was called for.} Kxe6 39. Rc7) 38... Kxe6 ({Black should play} 38... Re4 $19 39. Rxa7 h5 (39... Kxe6 40. Rc7 $19) (39... Rxe6 40. Rd7 $17)) 39. Rxc6+ $15 Kf5 (39... Ke5 $15 40. Rxh6 Ra4) 40. Rxh6 $11 Rd2+ 41. Kg3 (41. Kf3 $11 {keeps the balance.}) 41... Rxa2 $17 42. Rd6 (42. c6 $17) 42... Ra3+ $19 43. Kg2 Ke5 (43... Ke4 $19 {is more deadly. Strongly threatening ...a5.} 44. Rg6 Ra2+ 45. Kf1 Ke3 46. Rxg5 Ra1+ 47. Kg2 d4 48. Re5+ Kd2 (48... Kf4 49. Rd5 $17)) 44. Rg6 $17 Kf5 45. Rd6 Ke5 46. Rg6 {[%emt 0:00:02] [#]} Kd4 $2 (46... Kf4 $1 $19 {Hoping for ...Rg3+.} 47. Rd6 Rg3+ 48. Kf2 Rxh3 49. Rxd5 Rh2+ 50. Kf1 Rc2) 47. Rxg5 $11 {[%emt 0:00:30] The position is equal.} Kxc5 48. h4 Ra4 49. Kg3 Ra1 {[%emt 0:00:08] White must now prevent ...a5.} 50. h5 Rh1 51. Kg2 Rh4 52. Kg3 Rh1 53. Kg2 Rh4 54. Kg3 Rh1 {[%emt 0:00:14] Black had all chances to win.   Weighted Error Value: White=0.41/Black=0.50.  Loses game:     	White=1     	Black=1      Missed win:     	---       	Black=1      Mistake:       	White=8     	Black=8      Inaccurate:     	White=4     	Black=2      OK:         	White=15    	Black=14     Best:        	White=6     	Black=6} 1/2-1/2

[Event "Tata Steel India Women Rapid 2024"]
[Site "Kolkata"]
[Date "2024.11.13"]
[Round "2.2"]
[White "Gunina, Valentina"]
[Black "Vaishali, Rameshbabu"]
[Result "1-0"]
[ECO "D91"]
[WhiteElo "2425"]
[BlackElo "2490"]
[Annotator "RC"]
[PlyCount "117"]
[EventDate "2024.11.06"]
[EventType "tourn"]
[EventCountry "IND"]
[SourceTitle "playchess.com"]
[Source "ChessBase"]
[SourceQuality "1"]
[TimeControl "1500+10"]

1. d4 Nf6 2. c4 g6 3. Nc3 d5 4. Nf3 Bg7 5. Bg5 Ne4 6. Bf4 O-O 7. Nxd5 c5 8. Bc7 Qe8 9. Be5 f6 10. Bxb8 Rxb8 11. e3 cxd4 12. Qxd4 f5 13. Qxa7 Be6 14. Qb6 Bxd5 15. cxd5 Qd8 16. Qxd8 Rfxd8 17. Rb1 b5 18. Bd3 Nc5 19. Be2 Rxd5 20. O-O Bf6 21. Rfc1 Kg7 22. Rc2 b4 23. g3 Ne4 24. Kg2 Rd6 25. h4 Ra8 26. Bc4 Rc6 27. Rbc1 Rd6 28. Bb3 Rad8 29. Rc7 R8d7 30. Rxd7 Rxd7 31. Rc4 Nd2 32. Rxb4 Nxf3 33. Kxf3 Rd2 34. Rb7 Rxb2 35. Rc7 Kf8 36. Be6 Be5 37. Rc6 Bd6 38. a4 Rb1 39. a5 Ra1 40. a6 Kg7 41. Bc4 Kf6 42. Ke2 Ke5 43. f4+ Kf6 44. Kd3 h6 45. Rc8 Ra3+ 46. Kd4 Bb4 47. Rf8+ Kg7 48. Rf7+ Kh8 49. h5 gxh5 50. Rxf5 Kg7 51. Rxh5 Bd2 52. Rf5 Bxe3+ 53. Ke4 Bb6 54. Rf7+ Kg6 55. f5+ Kh5 56. Rg7 Re3+ 57. Kf4 e5+ 58. fxe6 Bc5 59. e7 1-0

[Event "Tata Steel India Women Rapid 2024"]
[Site "Kolkata"]
[Date "2024.11.13"]
[Round "2.3"]
[White "Dronavalli, Harika"]
[Black "Koneru, Humpy"]
[Result "1/2-1/2"]
[ECO "C70"]
[WhiteElo "2493"]
[BlackElo "2530"]
[Annotator "TA"]
[PlyCount "64"]
[EventDate "2024.11.06"]
[EventType "tourn"]
[EventCountry "IND"]
[SourceTitle "playchess.com"]
[Source "ChessBase"]
[SourceQuality "1"]
[TimeControl "1500+10"]

1. e4 e5 2. Nf3 Nc6 3. Bb5 a6 4. Ba4 Bc5 5. c3 Nge7 6. d4 exd4 7. cxd4 Bb4+ 8. Bd2 {[%emt 0:00:09] White is slightly better.} Bxd2+ 9. Qxd2 d5 10. exd5 Qxd5 11. Nc3 (11. O-O $5) 11... Qe6+ 12. Qe3 O-O 13. O-O Qd6 14. Rad1 Nb4 15. Ne5 Bf5 16. Qf3 c6 17. Bb3 Nbd5 18. Rfe1 Rad8 19. Nc4 Qc7 20. Nxd5 cxd5 21. Ne3 Be4 22. Qg3 Qb6 23. f3 Bg6 {[%emt 0:03:09] The position is equal.} 24. Qf2 f6 25. Qd2 Bf7 26. Rc1 Rc8 27. Ba4 Qd6 (27... h5 $5) 28. a3 Qf4 29. Rcd1 Qd6 30. Rc1 Qf4 31. Rcd1 Qd6 32. Rc1 Qf4 {[%emt 0:00:02] Weighted Error Value: White=0.05 (flawless) /Black=0.02 (flawless) .  OK:         	White=9     	Black=16} 1/2-1/2

[Event "Tata Steel India Women Rapid 2024"]
[Site "Kolkata"]
[Date "2024.11.13"]
[Round "2.4"]
[White "Dzagnidze, Nana"]
[Black "Goryachkina, Aleksandra"]
[Result "1/2-1/2"]
[ECO "D50"]
[WhiteElo "2518"]
[BlackElo "2528"]
[Annotator "TA"]
[PlyCount "81"]
[EventDate "2024.11.06"]
[EventType "tourn"]
[EventCountry "IND"]
[SourceTitle "playchess.com"]
[Source "ChessBase"]
[SourceQuality "1"]
[TimeControl "1500+10"]

1. d4 d5 2. c4 e6 3. Nc3 Nf6 4. Bg5 dxc4 5. e3 a6 6. Bxc4 c5 7. Nf3 b5 8. Be2 {[%emt 0:01:03] White is slightly better.} ({Wrong is} 8. Nxb5 $2 axb5 9. Bxb5+ Bd7 10. Bxd7+ Nbxd7 $19 (10... Qxd7 11. O-O $17)) 8... Bb7 9. O-O cxd4 (9... Nbd7 $11) 10. Nxd4 $14 {[%emt 0:00:37] Bf3 is the strong threat.} Be7 11. Bf3 Ra7 12. Bxb7 Rxb7 13. Qf3 Rd7 14. a4 b4 (14... h6 $11 15. Bxf6 Bxf6) 15. Ne4 Nxe4 16. Bxe7 Qxe7 17. Qxe4 O-O 18. Rac1 Rfd8 19. Rc4 {[%emt 0:01:39] White is more active.} Rc7 20. Nb3 Rxc4 21. Qxc4 Qd6 22. h3 h6 23. Rc1 Nd7 24. Nd4 Ne5 {[%emt 0:00:15] Repels Nc6} 25. Qc7 Nd3 26. Qxd6 Rxd6 $11 {[%emt 0:00:01][%mdl 4096] Endgame. KRN-KRN} 27. Rc8+ Kh7 28. b3 e5 29. Nf3 Rd5 30. Kf1 Nc5 31. Rb8 Nxb3 {[%emt 0:00:32] [#] Strongly threatening ...a5.} 32. Rxb4 Nc1 {[%emt 0:00:08] Hoping for ...Rd1+.} 33. g4 g6 34. Rc4 Nb3 35. Rc6 Ra5 36. Rc4 Kg7 37. Ke2 Kf6 38. Rc6+ Kg7 39. Rc4 Kf6 40. Rc6+ Kg7 41. Rc4 {[%emt 0:00:02] Weighted Error Value: White=0.09 (flawless) /Black=0.08 (flawless) .  Mistake:       	---       	Black=2      Inaccurate:     	White=3     	---        OK:         	White=12    	Black=15     Best:        	White=2     	Black=4} 1/2-1/2

[Event "Tata Steel India Women Rapid 2024"]
[Site "Kolkata"]
[Date "2024.11.13"]
[Round "2.5"]
[White "Divya Deshmukh"]
[Black "Lagno, Kateryna"]
[Result "1/2-1/2"]
[ECO "C45"]
[WhiteElo "2493"]
[BlackElo "2527"]
[Annotator "TA"]
[PlyCount "141"]
[EventDate "2024.11.06"]
[EventType "tourn"]
[EventCountry "IND"]
[SourceTitle "playchess.com"]
[Source "ChessBase"]
[SourceQuality "1"]
[TimeControl "1500+10"]

1. e4 e5 2. Nf3 Nc6 3. d4 exd4 4. Nxd4 Nf6 5. Nxc6 bxc6 6. Nd2 Bc5 {[%emt 0:00:12] C45: Scotch Game.} 7. e5 {[%emt 0:00:02] Recently 7.Nb3 got a lot of attention.} Qe7 8. Qe2 Nd5 9. Nb3 a5 10. Nxc5 Qxc5 11. c4 Ne7 $146 ({Predecessor:} 11... Ba6 12. b3 O-O 13. Qb2 Nb6 14. Be3 Qe7 15. Bd3 Nd5 16. cxd5 Bxd3 17. dxc6 dxc6 {½-½ Aditya,M (2505)-Nguyen,T (2649) Menorca op 2nd 2023 (4)}) 12. Qe3 Qb4+ 13. Bd2 Qxb2 14. Bc3 Qc2 15. Rc1 Qg6 16. Bd3 Qe6 17. O-O O-O 18. f4 f5 19. Qd2 a4 20. Qf2 Ba6 21. Bb4 Rf7 22. Rfe1 Ng6 23. Re3 Nf8 24. Qc2 Qh6 25. Rf1 Ne6 26. Rh3 Qg6 27. Rg3 Qh6 28. Qf2 c5 29. Bxc5 Bb7 30. Rh3 Qg6 31. Rg3 Qh6 32. Ba3 g6 33. h4 Kh8 34. Rh3 Bc6 35. Be2 Rb8 36. Kh2 Be4 37. h5 g5 38. fxg5 Qxg5 39. Rg3 Qh4+ 40. Kg1 Rg7 41. Rxg7 Qxf2+ 42. Kxf2 Kxg7 43. Rd1 Bc6 44. Bf3 Rb6 ({Black should try} 44... Rd8 $14) 45. Bxc6 Rxc6 (45... dxc6 $142 46. Kg3 Rb8 47. Rd7+ Kh6) 46. Rxd7+ $16 Kh6 47. Re7 (47. Rf7 $16 Kg5 48. c5 (48. Rxh7 Rxc4 49. Be7+ Kg4 $16) 48... Nxc5 49. Kf3 (49. Rxh7 Ne4+ 50. Ke1 Rc3 $16) 49... Kxh5 50. Rxf5+ (50. Rxh7+ Kg6 $15) 50... Kg6 51. g4) 47... Kxh5 $11 48. Rxh7+ Kg6 49. Re7 Ng5 50. c5 Ne4+ 51. Ke3 Nxc5 52. Bxc5 Rxc5 53. Kd3 Rc1 54. Re6+ Kg5 55. Ra6 Rd1+ 56. Kc3 Rd5 57. e6 Kf6 58. a3 Re5 59. Rxa4 Rxe6 60. g4 fxg4 61. Rxg4 Ke7 62. Rg8 Kd7 63. Kc4 Kc6 64. Rb8 Re4+ 65. Kb3 Re3+ 66. Ka4 Re4+ 67. Ka5 Re5+ 68. Ka6 Re4 69. Ka5 Re5+ 70. Kb4 Re4+ 71. Ka5 1/2-1/2